WCHLSIM.com - West Coast Hockey League
html PUBLIC "-//W3C//DTD XHTML 1.0 Transitional//EN" "http://www.w3.org/TR/xhtml1/DTD/xhtml1-transitional.dtd"> WCHL - Game 236 - LOS ANGELES SEALS vs KANSAS CITY KILLERBEES

LOS ANGELES SEALS vs KANSAS CITY KILLERBEES

Created - 8 novembre 2019 at 17:34

Goals
1 2 3 T
LOS ANGELES SEALS 1 0 0 1
KANSAS CITY KILLERBEES 0 2 0 2
Shots
1 2 3 T
LOS ANGELES SEALS 16 7 11 34
KANSAS CITY KILLERBEES 4 15 5 24

1st period

1. LOS ANGELES SEALS , Mark Scheifele 13 (Brock Boeser 11, Shayne Gostisbehere 4) at 16:32 (PP)

Penalties :
Colin Miller (KCK) for Diving (Minor) at 15:04, Nick Holden (LOS) for High sticking (Minor) at 16:50, Jacob Muzzin (KCK) for Diving (Minor) at 19:12

2nd period

2. KANSAS CITY KILLERBEES , Mark Stone 19 (Alexander DeBrincat 13) at 1:42
3. KANSAS CITY KILLERBEES , Cam Fowler 3 (Paul Stastny 5, Mark Stone 15) at 15:41

Penalties :
Nick Holden (LOS) for High sticking (Minor) at 5:39, Shayne Gostisbehere (LOS) for Hooking (Minor) at 7:59, Esa Lindell (LOS) for Holding (Minor) at 17:46

3rd period

No Goal

Penalties :
Jacob Muzzin (KCK) for Interference (Minor) at 17:04

Goalie Stats

Roberto Luongo (LOS), 22 saves from 24 shots - (0,917), L, 2-1-1, 60:00 minutes
John Gibson (KCK), 33 saves from 34 shots - (0,971), W, 5-4-4, 60:00 minutes

Players Stats for LOS ANGELES SEALS

Player Name              G  A  P  +/- PIM S  H  SB GA TA FO     MP     PP MP  PK MP  
------------------------------------------------------------------------------------
Adam Lowry               0  0  0  -1  0   0  1  0  0  0  11/22  16:04   0:00   4:32 
Alex Goligoski           0  0  0  -1  0   0  1  0  0  0  0/0    24:39   3:10   3:14 
Andreas Johnsson         0  0  0  -1  0   5  3  0  0  0  0/0    15:08   0:00   0:03 
Brandon Carlo            0  0  0   0  0   1  0  1  0  0  0/0    20:51   2:16   3:54 
Brock Boeser             0  1  1  -1  0   3  0  0  0  0  0/2    17:47   2:42   0:00 
Colin White              0  0  0  -1  0   5  0  0  0  0  1/1    14:56   0:00   3:24 
Dan Hamhuis              0  0  0  -1  0   0  1  0  0  0  0/0     3:38   0:00   0:06 
Erik Haula               0  0  0   0  0   0  1  0  0  0  4/7     8:42   2:42   3:24 
Esa Lindell              0  0  0  -1  2   2  0  0  0  0  0/0    20:58   0:00   2:44 
Justin Williams          0  0  0   0  0   3  1  0  0  0  0/1    20:09   2:44   0:00 
Kevin Rooney             0  0  0   0  0   0  0  0  0  0  1/2     2:36   0:00   0:00 
Logan Couture            0  0  0   0  0   2  1  0  0  0  14/26  22:45   2:44   0:00 
Mark Scheifele           1  0  1  -1  0   11 2  0  0  0  13/21  17:47   2:42   0:00 
Mathieu Perreault        0  0  0  -1  0   1  0  0  0  0  1/3    16:01   0:00   4:29 
Nick Holden              0  0  0  -1  4   1  0  1  0  0  0/0    15:23   0:00   1:43 
Patrick Marleau          0  0  0   0  0   0  0  0  0  0  1/1    20:09   2:44   0:00 
Roman Polak              0  0  0   0  0   0  1  2  0  0  0/0    21:08   2:16   4:11 
Shayne Gostisbehere      0  1  1   0  2   0  1  0  0  0  0/0    13:19   3:10   0:00 

Players Stats for KANSAS CITY KILLERBEES

Player Name              G  A  P  +/- PIM S  H  SB GA TA FO     MP     PP MP  PK MP  
------------------------------------------------------------------------------------
Alexander DeBrincat      0  1  1   2  0   4  3  0  0  0  0/0    20:25   4:17   0:00 
Artturi Lehkonen         0  0  0   0  0   3  4  1  0  0  1/2    18:37   0:00   3:34 
Calvin De Haan           0  0  0   0  0   0  0  2  0  0  0/0    16:54   0:00   1:31 
Cam Fowler               1  0  1   1  0   2  0  5  0  0  0/0    24:33   4:15   3:55 
Charlie Coyle            0  0  0   0  0   1  1  0  0  0  0/0    17:46   3:39   0:00 
Colin Miller             0  0  0   1  2   1  1  5  0  0  0/0    21:04   3:41   2:23 
Denis Malgin             0  0  0   0  0   0  0  0  0  0  6/25   14:07   0:00   0:00 
Dylan DeMelo             0  0  0   0  0   0  2  1  0  0  0/0    22:31   4:04   2:08 
Greg McKegg              0  0  0   0  0   0  1  0  0  0  0/0     3:46   0:00   0:00 
Jacob de la Rose         0  0  0   0  0   1  0  0  0  0  0/0     3:46   0:00   0:00 
Jacob Muzzin             0  0  0   1  4   0  0  3  0  0  0/0    20:59   3:52   0:55 
Jan Rutta                0  0  0   1  0   1  0  0  0  0  0/0    13:56   0:00   0:00 
Kyle Brodziak            0  0  0   0  0   0  0  0  0  0  2/3     5:38   0:00   1:52 
Mark Stone               1  1  2   2  0   3  2  0  0  0  0/4    21:21   4:17   0:00 
Mattias Janmark          0  0  0   0  0   1  0  0  0  0  1/8    15:20   3:39   0:00 
Paul Stastny             0  1  1   2  0   4  0  1  0  0  15/22  21:21   4:17   0:00 
Peter Cehlarik           0  0  0   0  0   2  0  0  0  0  1/2    17:12   3:39   1:52 
Ryan Kesler              0  0  0   0  0   1  0  2  0  0  14/20  15:15   0:00   3:34 

3 Stars

1 - John Gibson (KCK)
2 - Mark Stone (KCK)
3 - Cam Fowler (KCK)

Power Play

LOS ANGELES SEALS - 1 on 3 Attempt(s) - 33,33%
KANSAS CITY KILLERBEES - 0 on 4 Attempt(s) - 0,00%

Penalty Kill

LOS ANGELES SEALS - 4 on 4 Attempt(s) - 100,00% - Score 0 goal in Penalty Kill
KANSAS CITY KILLERBEES - 2 on 3 Attempt(s) - 66,67% - Score 0 goal in Penalty Kill

Team Stat

LOS ANGELES SEALS - Hits : 13 - Faceoff Wins : 46 - Blocked Shots : 4 - Penalty Minutes : 8
KANSAS CITY KILLERBEES - Hits : 14 - Faceoff Wins : 40 - Blocked Shots : 20 - Penalty Minutes : 6

Official

Referees : Peter Tarnaris and Fred LeBlanc
Linesman : Kevin Briganti and Kyle Larson

Game Notes

No Game Note

Finance

Level 1 -- Attendance: 6500 (100,00%) -- Ticket Income 682 500 $
Level 2 -- Attendance: 5300 (100,00%) -- Ticket Income 339 200 $
Level 3 -- Attendance: 2500 (100,00%) -- Ticket Income 97 500 $
Level 4 -- Attendance: 4200 (100,00%) -- Ticket Income 117 600 $
Luxury Box -- Attendance: 1020 (100,00%) -- Ticket Income 206 040 $
Game was played at the Missouri Beehive Complex.
Total Attendance: 19520 (100,00%)
Total Ticket Income: 1 442 840 $
Other Income: 432 852 $
Total Income: 1 875 692 $

LOS ANGELES SEALS

5 vs 5 Forward 
   Center                   Left Wing                Right Wing               Time % Phy DF OF 
 1 Logan Couture            Patrick Marleau          Justin Williams          36     1   2  2  
 2 Mark Scheifele           Andreas Johnsson         Brock Boeser             34     1   2  2  
 3 Adam Lowry               Mathieu Perreault        Colin White              23     5   0  0  
 4 Kevin Rooney             Erik Haula               Logan Couture            7      1   2  2  

5 vs 5 Defense 
   Defense                  Defense                                           Time % Phy DF OF 
 1 Esa Lindell              Alex Goligoski                                    36     1   2  2  
 2 Roman Polak              Brandon Carlo                                     31     1   2  2  
 3 Shayne Gostisbehere      Nick Holden                                       23     1   2  2  
 4 Nick Holden              Dan Hamhuis                                       10     1   2  2  

PowerPlay Forward 
   Center                   Left Wing                Right Wing               Time % Phy DF OF 
 1 Logan Couture            Patrick Marleau          Justin Williams          55     1   2  2  
 2 Mark Scheifele           Erik Haula               Brock Boeser             45     1   2  2  

PowerPlay Defense
   Defense                  Defense                                           Time % Phy DF OF 
 1 Shayne Gostisbehere      Alex Goligoski                                    55     1   2  2  
 2 Roman Polak              Brandon Carlo                                     45     1   2  2  

Penalty Kill 4 Players Forward 
   Center                   Wing                     Time % Phy DF OF 
 1 Adam Lowry               Mathieu Perreault        55     1   2  2  
 2 Erik Haula               Colin White              45     1   2  2  

Penalty Kill 4 Players Defense
   Defense                  Defense                  Time % Phy DF OF 
 1 Esa Lindell              Brandon Carlo            55     1   2  2  
 2 Roman Polak              Nick Holden              45     1   2  2  

Penalty Kill - 3 Players Forward 
   Forward                                           Time % Phy DF OF 
 1 Adam Lowry                                        55     1   2  2  
 2 Erik Haula                                        45     1   2  2  

Penalty Kill - 3 Players Defense
   Defense                  Defense                  Time % Phy DF OF 
 1 Esa Lindell              Alex Goligoski           55     1   2  2  
 2 Roman Polak              Brandon Carlo            45     1   2  2  

4 vs 4 Forward 
   Center                   Wing                     Time % Phy DF OF 
 1 Logan Couture            Mark Scheifele           55     1   2  2  
 2 Justin Williams          Brock Boeser             45     1   2  2  

4 vs 4 Defense
   Defense                  Defense                  Time % Phy DF OF 
 1 Alex Goligoski           Nick Holden              55     1   2  2  
 2 Roman Polak              Brandon Carlo            45     1   2  2  

Last Minutes Offensive
   Center                   Left Wing                Right Wing               Defense                  Defense                  
   Logan Couture            Patrick Marleau          Justin Williams          Esa Lindell              Alex Goligoski           

Last Minutes Defensive
   Center                   Left Wing                Right Wing               Defense                  Defense                  
   Logan Couture            Patrick Marleau          Justin Williams          Esa Lindell              Alex Goligoski           

Goaltenders
Starting : Roberto Luongo           
Backup : Jonathan Quick           

Extra Forwards
Normal : Erik Haula, Kevin Rooney, Andreas Johnsson - PP : Erik Haula, Kevin Rooney - PK : Andreas Johnsson
Extra Defensemen
Normal : Shayne Gostisbehere, Nick Holden, Roman Polak - PP : Shayne Gostisbehere - PK : Nick Holden, Roman Polak
Penalty Shots
Logan Couture, Mark Scheifele, Justin Williams, Brock Boeser, Patrick Marleau
Custom OT Lines Forwards
Logan Couture, Mark Scheifele, Justin Williams, Brock Boeser, Patrick Marleau, Erik Haula, Andreas Johnsson, Adam Lowry, Colin White, Mathieu Perreault
Custom OT Lines Defensemen
Esa Lindell, Nick Holden, Roman Polak, Brandon Carlo, Shayne Gostisbehere

Scratches
Ben Thomson (Healthy), Jake DeBrusk (Sports Hernia Injury), John Stevens (Healthy), Juho Lammikko (Healthy), Matt Luff (Healthy)
Nate Prosser (Healthy), Antti Raanta (Healthy)

KANSAS CITY KILLERBEES

5 vs 5 Forward 
   Center                   Left Wing                Right Wing               Time % Phy DF OF 
 1 Paul Stastny             Alexander DeBrincat      Mark Stone               33     1   2  2  
 2 Denis Malgin             Artturi Lehkonen         Charlie Coyle            32     1   2  2  
 3 Ryan Kesler              Peter Cehlarik           Mattias Janmark          27     1   2  2  
 4 Kyle Brodziak            Jacob de la Rose         Greg McKegg              8      1   2  2  

5 vs 5 Defense 
   Defense                  Defense                                           Time % Phy DF OF 
 1 Jacob Muzzin             Cam Fowler                                        33     1   2  2  
 2 Dylan DeMelo             Calvin De Haan                                    33     1   2  2  
 3 Jan Rutta                Colin Miller                                      33     1   2  2  
 4 Colin Miller             Cam Fowler                                        1      1   2  2  

PowerPlay Forward 
   Center                   Left Wing                Right Wing               Time % Phy DF OF 
 1 Paul Stastny             Alexander DeBrincat      Mark Stone               55     1   2  2  
 2 Mattias Janmark          Peter Cehlarik           Charlie Coyle            45     1   2  2  

PowerPlay Defense
   Defense                  Defense                                           Time % Phy DF OF 
 1 Colin Miller             Jacob Muzzin                                      50     1   2  2  
 2 Dylan DeMelo             Cam Fowler                                        50     1   2  2  

Penalty Kill 4 Players Forward 
   Center                   Wing                     Time % Phy DF OF 
 1 Ryan Kesler              Artturi Lehkonen         55     1   2  2  
 2 Kyle Brodziak            Peter Cehlarik           45     1   2  2  

Penalty Kill 4 Players Defense
   Defense                  Defense                  Time % Phy DF OF 
 1 Jacob Muzzin             Cam Fowler               50     1   2  2  
 2 Dylan DeMelo             Calvin De Haan           50     1   2  2  

Penalty Kill - 3 Players Forward 
   Forward                                           Time % Phy DF OF 
 1 Artturi Lehkonen                                  55     1   2  2  
 2 Charlie Coyle                                     45     1   2  2  

Penalty Kill - 3 Players Defense
   Defense                  Defense                  Time % Phy DF OF 
 1 Dylan DeMelo             Jacob Muzzin             50     1   2  2  
 2 Calvin De Haan           Colin Miller             50     1   2  2  

4 vs 4 Forward 
   Center                   Wing                     Time % Phy DF OF 
 1 Paul Stastny             Mark Stone               55     1   2  2  
 2 Charlie Coyle            Alexander DeBrincat      45     1   2  2  

4 vs 4 Defense
   Defense                  Defense                  Time % Phy DF OF 
 1 Cam Fowler               Jacob Muzzin             50     1   2  2  
 2 Colin Miller             Calvin De Haan           50     1   2  2  

Last Minutes Offensive
   Center                   Left Wing                Right Wing               Defense                  Defense                  
   Paul Stastny             Alexander DeBrincat      Mark Stone               Colin Miller             Cam Fowler               

Last Minutes Defensive
   Center                   Left Wing                Right Wing               Defense                  Defense                  
   Paul Stastny             Artturi Lehkonen         Mark Stone               Jacob Muzzin             Dylan DeMelo             

Goaltenders
Starting : John Gibson              
Backup : Jonathan Bernier         

Extra Forwards
Normal : Charlie Coyle, Paul Stastny, Alexander DeBrincat - PP : Mark Stone, Alexander DeBrincat - PK : Alexander DeBrincat
Extra Defensemen
Normal : Cam Fowler, Calvin De Haan, Colin Miller - PP : Colin Miller - PK : Jacob Muzzin, Dylan DeMelo
Penalty Shots
Paul Stastny, Alexander DeBrincat, Mark Stone, Charlie Coyle, Denis Malgin
Custom OT Lines Forwards
Greg McKegg, Paul Stastny, Kyle Brodziak, Mark Stone, Mattias Janmark, Alexander DeBrincat, Ryan Kesler, Charlie Coyle, Artturi Lehkonen, Denis Malgin
Custom OT Lines Defensemen
Cam Fowler, Jacob Muzzin, Colin Miller, Dylan DeMelo, Calvin De Haan

Scratches
Hunter Shinkaruk (Healthy), Joseph LaBate (Healthy), Nikita Korostelev (Healthy), Sean Couturier (Healthy), Eric Cornel (Healthy)
Hunter Warner (Healthy), Hampus Lindholm (Fractured Orbital Bone Injury), Reece Scarlett (Healthy), William Nylander (Sports Hernia Injury), Steven Spinner (Healthy)

% Time on Ice - LOS ANGELES SEALS

Lines # - Real PCT - Wanted PCT - Time Play
Normal Forward
1 - 36% - 36% - 16:29
2 - 33% - 34% - 15:05
3 - 25% - 23% - 11:32
4 - 6% - 7% - 2:36
Normal Defense
1 - 38% - 36% - 17:19
2 - 32% - 31% - 14:41
3 - 22% - 23% - 10:10
4 - 8% - 10% - 3:32
PP Forward
1 - 50% - 55% - 2:44
2 - 50% - 45% - 2:42
PP Defense
1 - 58% - 55% - 3:10
2 - 42% - 45% - 2:16
PK Forward
1 - 57% - 55% - 4:32
2 - 43% - 45% - 3:24
PK Defense
1 - 54% - 55% - 4:17
2 - 46% - 45% - 3:39
PK3 Forward
1 - 0% - 55%
2 - 0% - 45%
PK3 Defense
1 - 0% - 55%
2 - 0% - 45%
44 Forward
1 - 0% - 55%
2 - 0% - 45%
44 Defense
1 - 0% - 55%
2 - 0% - 45%
Last Minute Offensive  - 0:56
Last Minute Defensive  - 0:00
Total
Forward - 60:00
Defense - 60:00

% Time on Ice - KANSAS CITY KILLERBEES

Lines # - Real PCT - Wanted PCT - Time Play
Normal Forward
1 - 35% - 33% - 16:08
2 - 31% - 32% - 14:07
3 - 26% - 27% - 11:41
4 - 8% - 8% - 3:46
Normal Defense
1 - 33% - 33% - 15:18
2 - 34% - 33% - 15:23
3 - 30% - 33% - 13:56
4 - 2% - 1% - 1:05
PP Forward
1 - 54% - 55% - 4:17
2 - 46% - 45% - 3:39
PP Defense
1 - 49% - 50% - 3:52
2 - 51% - 50% - 4:04
PK Forward
1 - 66% - 55% - 3:34
2 - 34% - 45% - 1:52
PK Defense
1 - 72% - 50% - 3:55
2 - 28% - 50% - 1:31
PK3 Forward
1 - 0% - 55%
2 - 0% - 45%
PK3 Defense
1 - 0% - 50%
2 - 0% - 50%
44 Forward
1 - 0% - 55%
2 - 0% - 45%
44 Defense
1 - 0% - 50%
2 - 0% - 50%
Last Minute Offensive  - 0:00
Last Minute Defensive  - 0:56
Total
Forward - 60:00
Defense - 60:00

Play-by-Play

1st period


0:01 of 1st period - Logan Couture wins face-off versus Mark Stone in neutral zone.
0:34 of 1st period - Shot by Patrick Marleau.
0:34 of 1st period - Deflect By Logan Couture.
0:34 of 1st period - Shot Blocked by Cam Fowler.
0:36 of 1st period - Shot by Justin Williams.
0:36 of 1st period - Shot Misses the Net.
0:38 of 1st period - Shot by Justin Williams.
0:38 of 1st period - Shot Misses the Net.
0:40 of 1st period - Shot by Logan Couture.
0:40 of 1st period - Shot Misses the Net.
1:00 of 1st period - Shot by Brock Boeser.
1:00 of 1st period - Stopped by John Gibson without a rebound.
1:01 of 1st period - Adam Lowry wins face-off versus Denis Malgin in KANSAS CITY KILLERBEES zone.
1:36 of 1st period - Nick Holden is hit by Artturi Lehkonen and loses puck.
2:18 of 1st period - Shot by Mark Scheifele.
2:18 of 1st period - Shot Misses the Net.
2:24 of 1st period - Shot by Mark Scheifele.
2:24 of 1st period - Shot Misses the Net.
2:26 of 1st period - Shot by Mark Scheifele.
2:26 of 1st period - Deflect By Brock Boeser.
2:26 of 1st period - Shot Misses the Net.
2:30 of 1st period - Shot by Brock Boeser.
2:30 of 1st period - Shot Blocked by Colin Miller.
2:36 of 1st period - Shot by Mark Scheifele.
2:36 of 1st period - Shot Blocked by Colin Miller.
2:38 of 1st period - Shot by Mark Scheifele.
2:38 of 1st period - Shot Misses the Net.
2:40 of 1st period - Shot by Brandon Carlo.
2:40 of 1st period - Stopped by John Gibson without a rebound.
2:41 of 1st period - Kyle Brodziak wins face-off versus Kevin Rooney in KANSAS CITY KILLERBEES zone.
2:41 of 1st period - Kyle Brodziak is hit by Erik Haula.
3:13 of 1st period - Shot by Logan Couture.
3:13 of 1st period - Shot Misses the Net.
3:15 of 1st period - Shot by Logan Couture.
3:15 of 1st period - Deflect By Kevin Rooney.
3:15 of 1st period - Shot Blocked by Cam Fowler.
3:23 of 1st period - Shot by Logan Couture.
3:23 of 1st period - Shot Blocked by Cam Fowler.
3:36 of 1st period - Shot by Colin White.
3:36 of 1st period - Stopped by John Gibson without a rebound.
3:37 of 1st period - Mark Scheifele wins face-off versus Denis Malgin in KANSAS CITY KILLERBEES zone.
4:13 of 1st period - Icing by Denis Malgin.
4:14 of 1st period - Adam Lowry wins face-off versus Denis Malgin in KANSAS CITY KILLERBEES zone.
4:31 of 1st period - Shot by Colin White.
4:31 of 1st period - Stopped by John Gibson with a rebound.
4:41 of 1st period - Shot by Adam Lowry.
4:41 of 1st period - Deflect By Colin White.
4:41 of 1st period - Stopped by John Gibson without a rebound.
4:42 of 1st period - Paul Stastny wins face-off versus Logan Couture in KANSAS CITY KILLERBEES zone.
4:42 of 1st period - Paul Stastny is hit by Justin Williams.
5:04 of 1st period - Shot by Mark Stone.
5:04 of 1st period - Shot Misses the Net.
5:16 of 1st period - Shot by Paul Stastny.
5:16 of 1st period - Stopped by Roberto Luongo without a rebound.
5:17 of 1st period - Mark Scheifele wins face-off versus Ryan Kesler in LOS ANGELES SEALS zone.
5:22 of 1st period - Mattias Janmark is hit by Andreas Johnsson.
5:46 of 1st period - Icing by Jacob Muzzin.
5:47 of 1st period - Logan Couture wins face-off versus Ryan Kesler in KANSAS CITY KILLERBEES zone.
6:00 of 1st period - Shot by Justin Williams.
6:00 of 1st period - Stopped by John Gibson without a rebound.
6:01 of 1st period - Adam Lowry wins face-off versus Mark Stone in KANSAS CITY KILLERBEES zone.
6:14 of 1st period - Shot by Paul Stastny.
6:14 of 1st period - Stopped by Roberto Luongo with a rebound.
8:20 of 1st period - Shot by Andreas Johnsson.
8:20 of 1st period - Shot Blocked by Ryan Kesler.
8:36 of 1st period - Shot by Colin White.
8:36 of 1st period - Stopped by John Gibson with a rebound.
8:58 of 1st period - Shot by Mathieu Perreault.
8:58 of 1st period - Stopped by John Gibson with a rebound.
9:40 of 1st period - Shot by Logan Couture.
9:40 of 1st period - Shot Blocked by Paul Stastny.
9:48 of 1st period - Logan Couture is hit by Alexander DeBrincat and loses puck.
9:54 of 1st period - Mark Stone is hit by Roman Polak and loses puck.
10:36 of 1st period - Shot by Artturi Lehkonen.
10:36 of 1st period - Stopped by Roberto Luongo without a rebound.
10:37 of 1st period - Kyle Brodziak wins face-off versus Brock Boeser in LOS ANGELES SEALS zone.
10:45 of 1st period - Jacob de la Rose is hit by Dan Hamhuis and loses puck.
11:03 of 1st period - Shot by Mark Scheifele.
11:03 of 1st period - Shot Blocked by Calvin De Haan.
11:05 of 1st period - Shot by Mark Scheifele.
11:05 of 1st period - Stopped by John Gibson without a rebound.
11:06 of 1st period - Paul Stastny wins face-off versus Adam Lowry in KANSAS CITY KILLERBEES zone.
11:37 of 1st period - Shot by Mathieu Perreault.
11:37 of 1st period - Shot Blocked by Colin Miller.
11:39 of 1st period - Shot by Alex Goligoski.
11:39 of 1st period - Shot Blocked by Cam Fowler.
12:13 of 1st period - Icing by Shayne Gostisbehere.
12:14 of 1st period - Mark Scheifele wins face-off versus Denis Malgin in LOS ANGELES SEALS zone.
12:28 of 1st period - Nick Holden is hit by Charlie Coyle and loses puck.
12:43 of 1st period - Shot by Mark Scheifele.
12:43 of 1st period - Stopped by John Gibson with a rebound.
12:47 of 1st period - Shot by Andreas Johnsson.
12:47 of 1st period - Shot Blocked by Calvin De Haan.
12:49 of 1st period - Shot by Andreas Johnsson.
12:49 of 1st period - Stopped by John Gibson without a rebound.
12:50 of 1st period - Logan Couture wins face-off versus Ryan Kesler in KANSAS CITY KILLERBEES zone.
13:37 of 1st period - Icing by Justin Williams.
13:38 of 1st period - Logan Couture wins face-off versus Denis Malgin in LOS ANGELES SEALS zone.
14:14 of 1st period - Justin Williams is hit by Artturi Lehkonen and loses puck.
14:35 of 1st period - Shot by Paul Stastny.
14:35 of 1st period - Stopped by Roberto Luongo without a rebound.
14:36 of 1st period - Ryan Kesler wins face-off versus Mark Scheifele in LOS ANGELES SEALS zone.
14:55 of 1st period - Shot by Mark Scheifele.
14:55 of 1st period - Stopped by John Gibson without a rebound.
14:56 of 1st period - Paul Stastny wins face-off versus Adam Lowry in KANSAS CITY KILLERBEES zone.
15:04 of 1st period - Minor Penalty to Colin Miller for Diving.
15:05 of 1st period - Artturi Lehkonen wins face-off versus Mark Scheifele in KANSAS CITY KILLERBEES zone.
15:43 of 1st period - Shot by Mark Scheifele.
15:43 of 1st period - Stopped by John Gibson without a rebound.
15:44 of 1st period - Ryan Kesler wins face-off versus Logan Couture in KANSAS CITY KILLERBEES zone.
16:10 of 1st period - Shot by Patrick Marleau.
16:10 of 1st period - Deflect By Logan Couture.
16:10 of 1st period - Shot Misses the Net.
16:30 of 1st period - Shot by Mark Scheifele.
16:30 of 1st period - Shot Misses the Net.
16:32 of 1st period - Shot by Mark Scheifele.
16:32 of 1st period - Goal by Mark Scheifele - LOS ANGELES SEALS : 1 - KANSAS CITY KILLERBEES : 0.
16:33 of 1st period - Adam Lowry wins face-off versus Mark Stone in neutral zone.
16:50 of 1st period - Minor Penalty to Nick Holden for High sticking.
16:51 of 1st period - Adam Lowry wins face-off versus Mattias Janmark in LOS ANGELES SEALS zone.
17:02 of 1st period - Shot by Peter Cehlarik.
17:02 of 1st period - Shot Misses the Net.
17:13 of 1st period - Icing by Mattias Janmark.
17:14 of 1st period - Peter Cehlarik wins face-off versus Erik Haula in KANSAS CITY KILLERBEES zone.
17:18 of 1st period - Off-side.
17:19 of 1st period - Adam Lowry wins face-off versus Paul Stastny in neutral zone.
17:19 of 1st period - Adam Lowry is hit by Mark Stone.
18:23 of 1st period - Icing by Cam Fowler.
18:24 of 1st period - Mathieu Perreault wins face-off versus Mattias Janmark in KANSAS CITY KILLERBEES zone.
18:33 of 1st period - Off-side.
18:34 of 1st period - Erik Haula wins face-off versus Mattias Janmark in neutral zone.
19:01 of 1st period - Shot by Logan Couture.
19:01 of 1st period - Stopped by John Gibson with a rebound.
19:03 of 1st period - Shot by Nick Holden.
19:03 of 1st period - Stopped by John Gibson without a rebound.
19:04 of 1st period - Mark Scheifele wins face-off versus Denis Malgin in KANSAS CITY KILLERBEES zone.
19:12 of 1st period - Minor Penalty to Jacob Muzzin for Diving.
19:13 of 1st period - Logan Couture wins face-off versus Ryan Kesler in KANSAS CITY KILLERBEES zone.
Goals for this period are 1 for LOS ANGELES SEALS vs 0 for KANSAS CITY KILLERBEES.
Shots for this period are 16 for LOS ANGELES SEALS vs 4 for KANSAS CITY KILLERBEES.

2nd period


0:01 of 2nd period - Ryan Kesler wins face-off versus Logan Couture in neutral zone.
0:18 of 2nd period - Logan Couture is hit by Dylan DeMelo and loses puck.
1:01 of 2nd period - Shot by Mark Scheifele.
1:01 of 2nd period - Stopped by John Gibson without a rebound.
1:02 of 2nd period - Ryan Kesler wins face-off versus Mark Scheifele in KANSAS CITY KILLERBEES zone.
1:40 of 2nd period - Shot by Alexander DeBrincat.
1:40 of 2nd period - Stopped by Roberto Luongo with a rebound.
1:42 of 2nd period - Shot by Mark Stone.
1:42 of 2nd period - Goal by Mark Stone - LOS ANGELES SEALS : 1 - KANSAS CITY KILLERBEES : 1.
1:43 of 2nd period - Mark Scheifele wins face-off versus Denis Malgin in neutral zone.
1:46 of 2nd period - Cam Fowler is hit by Mark Scheifele and loses puck.
2:03 of 2nd period - Cam Fowler is hit by Andreas Johnsson and loses puck.
2:10 of 2nd period - Shot by Mark Scheifele.
2:10 of 2nd period - Shot Misses the Net.
2:12 of 2nd period - Shot by Roman Polak.
2:12 of 2nd period - Shot Blocked by Jacob Muzzin.
2:14 of 2nd period - Shot by Brandon Carlo.
2:14 of 2nd period - Shot Misses the Net.
2:16 of 2nd period - Shot by Andreas Johnsson.
2:16 of 2nd period - Stopped by John Gibson without a rebound.
2:17 of 2nd period - Ryan Kesler wins face-off versus Logan Couture in KANSAS CITY KILLERBEES zone.
2:30 of 2nd period - Shot by Peter Cehlarik.
2:30 of 2nd period - Stopped by Roberto Luongo with a rebound.
2:38 of 2nd period - Shot by Ryan Kesler.
2:38 of 2nd period - Stopped by Roberto Luongo without a rebound.
2:39 of 2nd period - Paul Stastny wins face-off versus Adam Lowry in LOS ANGELES SEALS zone.
2:53 of 2nd period - Icing by Nick Holden.
2:54 of 2nd period - Denis Malgin wins face-off versus Adam Lowry in LOS ANGELES SEALS zone.
2:55 of 2nd period - Shot by Charlie Coyle.
2:55 of 2nd period - Stopped by Roberto Luongo without a rebound.
2:56 of 2nd period - Logan Couture wins face-off versus Denis Malgin in LOS ANGELES SEALS zone.
3:20 of 2nd period - Logan Couture is hit by Artturi Lehkonen and loses puck.
3:32 of 2nd period - Shot by Artturi Lehkonen.
3:32 of 2nd period - Shot Misses the Net.
3:34 of 2nd period - Shot by Jan Rutta.
3:34 of 2nd period - Stopped by Roberto Luongo without a rebound.
3:35 of 2nd period - Paul Stastny wins face-off versus Mark Scheifele in LOS ANGELES SEALS zone.
3:46 of 2nd period - Shot by Paul Stastny.
3:46 of 2nd period - Deflect By Alexander DeBrincat.
3:46 of 2nd period - Stopped by Roberto Luongo with a rebound.
3:51 of 2nd period - Icing by Mark Scheifele.
3:52 of 2nd period - Ryan Kesler wins face-off versus Brock Boeser in LOS ANGELES SEALS zone.
4:11 of 2nd period - Shot by Brock Boeser.
4:11 of 2nd period - Shot Misses the Net.
4:14 of 2nd period - Icing by Jacob Muzzin.
4:15 of 2nd period - Ryan Kesler wins face-off versus Logan Couture in KANSAS CITY KILLERBEES zone.
4:36 of 2nd period - Shot by Justin Williams.
4:36 of 2nd period - Shot Misses the Net.
5:14 of 2nd period - Mark Scheifele is hit by Colin Miller and loses puck.
5:22 of 2nd period - Off-side.
5:23 of 2nd period - Paul Stastny wins face-off versus Mathieu Perreault in neutral zone.
5:34 of 2nd period - Shot by Alexander DeBrincat.
5:34 of 2nd period - Shot Misses the Net.
5:39 of 2nd period - Minor Penalty to Nick Holden for High sticking.
5:40 of 2nd period - Paul Stastny wins face-off versus Adam Lowry in LOS ANGELES SEALS zone.
5:55 of 2nd period - Shot by Mark Stone.
5:55 of 2nd period - Shot Blocked by Roman Polak.
5:57 of 2nd period - Shot by Mark Stone.
5:57 of 2nd period - Stopped by Roberto Luongo with a rebound.
5:59 of 2nd period - Shot by Dylan DeMelo.
5:59 of 2nd period - Shot Misses the Net.
6:01 of 2nd period - Shot by Mark Stone.
6:01 of 2nd period - Shot Misses the Net.
7:43 of 2nd period - Mark Stone is hit by Shayne Gostisbehere.
7:59 of 2nd period - Minor Penalty to Shayne Gostisbehere for Hooking.
8:00 of 2nd period - Erik Haula wins face-off versus Mattias Janmark in LOS ANGELES SEALS zone.
8:06 of 2nd period - Icing by Jacob Muzzin.
8:07 of 2nd period - Erik Haula wins face-off versus Mattias Janmark in KANSAS CITY KILLERBEES zone.
8:10 of 2nd period - Shot by Colin White.
8:10 of 2nd period - Stopped by John Gibson without a rebound.
8:11 of 2nd period - Erik Haula wins face-off versus Paul Stastny in KANSAS CITY KILLERBEES zone.
8:52 of 2nd period - Icing by Mark Stone.
8:53 of 2nd period - Adam Lowry wins face-off versus Paul Stastny in KANSAS CITY KILLERBEES zone.
9:22 of 2nd period - Shot by Charlie Coyle.
9:22 of 2nd period - Shot Blocked by Brandon Carlo.
9:24 of 2nd period - Shot by Charlie Coyle.
9:24 of 2nd period - Deflect By Mattias Janmark.
9:24 of 2nd period - Stopped by Roberto Luongo without a rebound.
9:25 of 2nd period - Adam Lowry wins face-off versus Mattias Janmark in LOS ANGELES SEALS zone.
10:14 of 2nd period - Shot by Jacob de la Rose.
10:14 of 2nd period - Stopped by Roberto Luongo without a rebound.
10:15 of 2nd period - Mark Scheifele wins face-off versus Paul Stastny in LOS ANGELES SEALS zone.
13:18 of 2nd period - Shot by Mark Scheifele.
13:18 of 2nd period - Shot Misses the Net.
13:44 of 2nd period - Shot by Mark Scheifele.
13:44 of 2nd period - Stopped by John Gibson with a rebound.
13:46 of 2nd period - Shot by Mark Scheifele.
13:46 of 2nd period - Deflect By Brock Boeser.
13:46 of 2nd period - Shot Blocked by Colin Miller.
13:53 of 2nd period - Icing by Mattias Janmark.
13:54 of 2nd period - Ryan Kesler wins face-off versus Logan Couture in KANSAS CITY KILLERBEES zone.
13:58 of 2nd period - Off-side.
13:59 of 2nd period - Logan Couture wins face-off versus Denis Malgin in neutral zone.
15:39 of 2nd period - Shot by Paul Stastny.
15:39 of 2nd period - Shot Misses the Net.
15:41 of 2nd period - Shot by Cam Fowler.
15:41 of 2nd period - Goal by Cam Fowler - LOS ANGELES SEALS : 1 - KANSAS CITY KILLERBEES : 2.
15:42 of 2nd period - Adam Lowry wins face-off versus Kyle Brodziak in neutral zone.
15:42 of 2nd period - Adam Lowry is hit by Greg McKegg.
16:18 of 2nd period - Shot by Mathieu Perreault.
16:18 of 2nd period - Shot Blocked by Colin Miller.
16:57 of 2nd period - Off-side.
16:58 of 2nd period - Mark Scheifele wins face-off versus Denis Malgin in neutral zone.
17:07 of 2nd period - Shot by Mark Scheifele.
17:07 of 2nd period - Stopped by John Gibson with a rebound.
17:09 of 2nd period - Shot by Andreas Johnsson.
17:09 of 2nd period - Stopped by John Gibson with a rebound.
17:13 of 2nd period - Shot by Brock Boeser.
17:13 of 2nd period - Stopped by John Gibson without a rebound.
17:14 of 2nd period - Paul Stastny wins face-off versus Erik Haula in KANSAS CITY KILLERBEES zone.
17:21 of 2nd period - Shot by Alexander DeBrincat.
17:21 of 2nd period - Stopped by Roberto Luongo without a rebound.
17:22 of 2nd period - Logan Couture wins face-off versus Denis Malgin in LOS ANGELES SEALS zone.
17:46 of 2nd period - Minor Penalty to Esa Lindell for Holding.
17:47 of 2nd period - Paul Stastny wins face-off versus Adam Lowry in LOS ANGELES SEALS zone.
18:06 of 2nd period - Shot by Paul Stastny.
18:06 of 2nd period - Stopped by Roberto Luongo without a rebound.
18:07 of 2nd period - Adam Lowry wins face-off versus Mattias Janmark in LOS ANGELES SEALS zone.
19:06 of 2nd period - Alex Goligoski is hit by Alexander DeBrincat and loses puck.
19:37 of 2nd period - Shot by Mark Stone.
19:37 of 2nd period - Stopped by Roberto Luongo with a rebound.
19:39 of 2nd period - Shot by Cam Fowler.
19:39 of 2nd period - Stopped by Roberto Luongo without a rebound.
19:40 of 2nd period - Mattias Janmark wins face-off versus Erik Haula in LOS ANGELES SEALS zone.
19:43 of 2nd period - Shot by Charlie Coyle.
19:43 of 2nd period - Shot Misses the Net.
19:45 of 2nd period - Shot by Jacob Muzzin.
19:45 of 2nd period - Shot Misses the Net.
Goals for this period are 0 for LOS ANGELES SEALS vs 2 for KANSAS CITY KILLERBEES.
Shots for this period are 7 for LOS ANGELES SEALS vs 15 for KANSAS CITY KILLERBEES.

3rd period


0:01 of 3rd period - Logan Couture wins face-off versus Paul Stastny in neutral zone.
0:41 of 3rd period - Off-side.
0:42 of 3rd period - Mark Scheifele wins face-off versus Denis Malgin in neutral zone.
0:52 of 3rd period - Shot by Mark Scheifele.
0:52 of 3rd period - Shot Blocked by Artturi Lehkonen.
0:56 of 3rd period - Shot by Brock Boeser.
0:56 of 3rd period - Deflect By Mark Scheifele.
0:56 of 3rd period - Shot Misses the Net.
1:00 of 3rd period - Shot by Mark Scheifele.
1:00 of 3rd period - Stopped by John Gibson with a rebound.
1:04 of 3rd period - Shot by Mark Scheifele.
1:04 of 3rd period - Shot Misses the Net.
1:14 of 3rd period - Shot by Andreas Johnsson.
1:14 of 3rd period - Stopped by John Gibson without a rebound.
1:15 of 3rd period - Colin White wins face-off versus Peter Cehlarik in KANSAS CITY KILLERBEES zone.
1:50 of 3rd period - Shot by Colin White.
1:50 of 3rd period - Shot Misses the Net.
1:52 of 3rd period - Shot by Adam Lowry.
1:52 of 3rd period - Shot Misses the Net.
1:54 of 3rd period - Shot by Mathieu Perreault.
1:54 of 3rd period - Shot Blocked by Jacob Muzzin.
1:56 of 3rd period - Shot by Adam Lowry.
1:56 of 3rd period - Shot Blocked by Cam Fowler.
2:18 of 3rd period - Shot by Patrick Marleau.
2:18 of 3rd period - Deflect By Logan Couture.
2:18 of 3rd period - Shot Misses the Net.
2:20 of 3rd period - Shot by Esa Lindell.
2:20 of 3rd period - Shot Blocked by Jacob Muzzin.
2:22 of 3rd period - Shot by Esa Lindell.
2:22 of 3rd period - Shot Misses the Net.
2:34 of 3rd period - Shot by Logan Couture.
2:34 of 3rd period - Shot Misses the Net.
2:36 of 3rd period - Shot by Justin Williams.
2:36 of 3rd period - Shot Misses the Net.
3:10 of 3rd period - Shot by Brock Boeser.
3:10 of 3rd period - Stopped by John Gibson without a rebound.
3:11 of 3rd period - Paul Stastny wins face-off versus Adam Lowry in KANSAS CITY KILLERBEES zone.
3:13 of 3rd period - Icing by Mark Stone.
3:14 of 3rd period - Paul Stastny wins face-off versus Mark Scheifele in KANSAS CITY KILLERBEES zone.
3:21 of 3rd period - Roman Polak is hit by Alexander DeBrincat and loses puck.
3:44 of 3rd period - Icing by Brandon Carlo.
3:45 of 3rd period - Mark Scheifele wins face-off versus Denis Malgin in LOS ANGELES SEALS zone.
3:54 of 3rd period - Shot by Mark Scheifele.
3:54 of 3rd period - Stopped by John Gibson without a rebound.
3:55 of 3rd period - Denis Malgin wins face-off versus Logan Couture in KANSAS CITY KILLERBEES zone.
3:55 of 3rd period - Denis Malgin is hit by Logan Couture.
4:11 of 3rd period - Shot by Justin Williams.
4:11 of 3rd period - Shot Misses the Net.
4:13 of 3rd period - Shot by Logan Couture.
4:13 of 3rd period - Stopped by John Gibson without a rebound.
4:14 of 3rd period - Paul Stastny wins face-off versus Adam Lowry in KANSAS CITY KILLERBEES zone.
4:27 of 3rd period - Shot by Alexander DeBrincat.
4:27 of 3rd period - Shot Blocked by Nick Holden.
4:55 of 3rd period - Icing by Mathieu Perreault.
4:56 of 3rd period - Denis Malgin wins face-off versus Adam Lowry in LOS ANGELES SEALS zone.
5:01 of 3rd period - Shot by Artturi Lehkonen.
5:01 of 3rd period - Stopped by Roberto Luongo without a rebound.
5:02 of 3rd period - Logan Couture wins face-off versus Denis Malgin in LOS ANGELES SEALS zone.
5:13 of 3rd period - Shot by Justin Williams.
5:13 of 3rd period - Stopped by John Gibson without a rebound.
5:14 of 3rd period - Mark Scheifele wins face-off versus Mark Stone in KANSAS CITY KILLERBEES zone.
5:35 of 3rd period - Shot by Paul Stastny.
5:35 of 3rd period - Shot Misses the Net.
5:37 of 3rd period - Shot by Paul Stastny.
5:37 of 3rd period - Shot Blocked by Roman Polak.
5:56 of 3rd period - Shot by Alexander DeBrincat.
5:56 of 3rd period - Stopped by Roberto Luongo without a rebound.
5:57 of 3rd period - Logan Couture wins face-off versus Denis Malgin in LOS ANGELES SEALS zone.
6:01 of 3rd period - Off-side.
6:02 of 3rd period - Logan Couture wins face-off versus Denis Malgin in neutral zone.
6:10 of 3rd period - Shot by Colin Miller.
6:10 of 3rd period - Stopped by Roberto Luongo without a rebound.
6:11 of 3rd period - Ryan Kesler wins face-off versus Logan Couture in LOS ANGELES SEALS zone.
6:17 of 3rd period - Icing by Logan Couture.
6:18 of 3rd period - Logan Couture wins face-off versus Denis Malgin in LOS ANGELES SEALS zone.
6:34 of 3rd period - Icing by Esa Lindell.
6:35 of 3rd period - Paul Stastny wins face-off versus Logan Couture in LOS ANGELES SEALS zone.
6:43 of 3rd period - Icing by Alex Goligoski.
6:44 of 3rd period - Logan Couture wins face-off versus Denis Malgin in LOS ANGELES SEALS zone.
6:48 of 3rd period - Off-side.
6:49 of 3rd period - Denis Malgin wins face-off versus Mark Scheifele in neutral zone.
7:08 of 3rd period - Shot by Brock Boeser.
7:08 of 3rd period - Shot Hit the Post.
7:30 of 3rd period - Shot by Mark Scheifele.
7:30 of 3rd period - Shot Misses the Net.
8:05 of 3rd period - Icing by Mattias Janmark.
8:06 of 3rd period - Ryan Kesler wins face-off versus Adam Lowry in KANSAS CITY KILLERBEES zone.
8:27 of 3rd period - Dylan DeMelo is hit by Adam Lowry and loses puck.
9:55 of 3rd period - Shot by Logan Couture.
9:55 of 3rd period - Shot Misses the Net.
9:57 of 3rd period - Shot by Justin Williams.
9:57 of 3rd period - Stopped by John Gibson with a rebound.
9:59 of 3rd period - Shot by Justin Williams.
9:59 of 3rd period - Shot Hit the Post.
10:01 of 3rd period - Shot by Justin Williams.
10:01 of 3rd period - Shot Misses the Net.
10:03 of 3rd period - Shot by Esa Lindell.
10:03 of 3rd period - Shot Misses the Net.
10:05 of 3rd period - Shot by Justin Williams.
10:05 of 3rd period - Shot Misses the Net.
10:07 of 3rd period - Shot by Esa Lindell.
10:07 of 3rd period - Stopped by John Gibson without a rebound.
10:08 of 3rd period - Denis Malgin wins face-off versus Mark Scheifele in KANSAS CITY KILLERBEES zone.
10:08 of 3rd period - Denis Malgin is hit by Mark Scheifele.
10:15 of 3rd period - Icing by Roman Polak.
10:16 of 3rd period - Mark Scheifele wins face-off versus Denis Malgin in LOS ANGELES SEALS zone.
10:16 of 3rd period - Mark Scheifele is hit by Artturi Lehkonen.
10:30 of 3rd period - Charlie Coyle is hit by Andreas Johnsson and loses puck.
11:44 of 3rd period - Shot by Patrick Marleau.
11:44 of 3rd period - Shot Blocked by Ryan Kesler.
11:46 of 3rd period - Shot by Esa Lindell.
11:46 of 3rd period - Stopped by John Gibson without a rebound.
11:47 of 3rd period - Adam Lowry wins face-off versus Paul Stastny in KANSAS CITY KILLERBEES zone.
12:54 of 3rd period - Icing by Alex Goligoski.
12:55 of 3rd period - Ryan Kesler wins face-off versus Logan Couture in LOS ANGELES SEALS zone.
12:55 of 3rd period - Peter Cehlarik is hit by Alex Goligoski and loses puck.
13:12 of 3rd period - Shot by Justin Williams.
13:12 of 3rd period - Shot Misses the Net.
13:14 of 3rd period - Shot by Logan Couture.
13:14 of 3rd period - Shot Misses the Net.
13:22 of 3rd period - Shot by Justin Williams.
13:22 of 3rd period - Shot Blocked by Dylan DeMelo.
13:25 of 3rd period - Justin Williams is hit by Dylan DeMelo and loses puck.
13:54 of 3rd period - Shot by Mark Scheifele.
13:54 of 3rd period - Shot Misses the Net.
14:34 of 3rd period - Off-side.
14:35 of 3rd period - Paul Stastny wins face-off versus Mathieu Perreault in neutral zone.
14:37 of 3rd period - Off-side.
14:38 of 3rd period - Patrick Marleau wins face-off versus Paul Stastny in neutral zone.
14:54 of 3rd period - Icing by Alex Goligoski.
14:55 of 3rd period - Ryan Kesler wins face-off versus Logan Couture in LOS ANGELES SEALS zone.
15:03 of 3rd period - Icing by Alex Goligoski.
15:04 of 3rd period - Paul Stastny wins face-off versus Logan Couture in LOS ANGELES SEALS zone.
15:19 of 3rd period - Shot by Alexander DeBrincat.
15:19 of 3rd period - Shot Misses the Net.
15:44 of 3rd period - Logan Couture is hit by Mark Stone and loses puck.
16:37 of 3rd period - Shot by Andreas Johnsson.
16:37 of 3rd period - Stopped by John Gibson without a rebound.
16:38 of 3rd period - Denis Malgin wins face-off versus Adam Lowry in KANSAS CITY KILLERBEES zone.
16:52 of 3rd period - Shot by Artturi Lehkonen.
16:52 of 3rd period - Stopped by Roberto Luongo without a rebound.
16:53 of 3rd period - Kevin Rooney wins face-off versus Ryan Kesler in LOS ANGELES SEALS zone.
17:04 of 3rd period - Minor Penalty to Jacob Muzzin for Interference.
17:05 of 3rd period - Mark Scheifele wins face-off versus Ryan Kesler in KANSAS CITY KILLERBEES zone.
17:08 of 3rd period - Shot by Brock Boeser.
17:08 of 3rd period - Deflect By Mark Scheifele.
17:08 of 3rd period - Stopped by John Gibson without a rebound.
17:09 of 3rd period - Ryan Kesler wins face-off versus Justin Williams in KANSAS CITY KILLERBEES zone.
17:38 of 3rd period - Shot by Kyle Brodziak.
17:38 of 3rd period - Shot Misses the Net.
17:40 of 3rd period - Shot by Peter Cehlarik.
17:40 of 3rd period - Stopped by Roberto Luongo without a rebound.
17:41 of 3rd period - Mark Scheifele wins face-off versus Artturi Lehkonen in LOS ANGELES SEALS zone.
18:12 of 3rd period - Shot by Mark Scheifele.
18:12 of 3rd period - Deflect By Brock Boeser.
18:12 of 3rd period - Shot Misses the Net.
18:19 of 3rd period - Icing by Roman Polak.
18:20 of 3rd period - Ryan Kesler wins face-off versus Mark Scheifele in LOS ANGELES SEALS zone.
18:21 of 3rd period - Shot by Artturi Lehkonen.
18:21 of 3rd period - Shot Misses the Net.
Goals for this period are 0 for LOS ANGELES SEALS vs 0 for KANSAS CITY KILLERBEES.
Shots for this period are 11 for LOS ANGELES SEALS vs 5 for KANSAS CITY KILLERBEES.


JOHNNY
GAUDREAU
MATTHEW
BOLDY
OWEN
TIPPETT

EAST COAST

HOCKEY LEAGUE

  • 29.PIT6MAN7
  • 30.ATL6NHW2
  • 31.WOR4PET3
  • 32.3RHI4
  • 33.CHIQUE
  • 34.LIMCHA
  • 35.LONTRV
  • 36.BALCHW